ESL (28 & UNDER)
KINGSTON IGUANAS @ RIO GRANDE RATTLESNAKE
09/01/2030
 
TOP OF THE 1ST
Kingston Iguanas batting - Pitching for Rio Grande Rattlesnake : RHP Myron Burgess
Pitching: RHP Myron Burgess
Batting: RHB Argan Kamuliva 0-0: Called Strike
0-1: Ball
1-1: Called Strike
1-2: Strikes out looking
Batting: LHB Henry Durham 0-0: Called Strike
0-1: Foul Ball, location: 2F
0-2: Foul Ball, location: 2F
0-2: Ball
1-2: Strikes out swinging
Batting: LHB Gustavo Gómez 0-0: Called Strike
0-1: Called Strike
0-2: Foul Ball, location: 2F
0-2: Ground out 5-3 (Groundball, 5)
Top of the 1st over - 0 runs, 0 hits, 0 errors, 0 left on base; Kingston 0 - Rio Grande 0
BOTTOM OF THE 1ST
Rio Grande Rattlesnake batting - Pitching for Kingston Iguanas : LHP José Ulerio
Pitching: LHP José Ulerio
Batting: LHB José Garza 0-0: Called Strike
0-1: Called Strike
0-2: Ball
1-2: Ball
2-2: Ground out 5-3 (Groundball, 56)
Pitching: RHP Anastasio Cervantes
Batting: RHB Jeff Bane 0-0: Ball
1-0: Fly out, F9 (Flyball, 89S)
Batting: LHB Clayton Bailey 0-0: Called Strike
0-1: Called Strike
0-2: Ball
1-2: Ball
2-2: Foul Ball, location: 2F
2-2: Foul Ball, location: 2F
2-2: DOUBLE (Line Drive, 9LM) - OUT at third base trying to stretch hit.
Bottom of the 1st over - 0 runs, 1 hit, 0 errors, 0 left on base; Kingston 0 - Rio Grande 0
TOP OF THE 2ND
Kingston Iguanas batting - Pitching for Rio Grande Rattlesnake : RHP Myron Burgess
Batting: LHB Justin McCoy 0-0: Ball
1-0: Foul Ball, location: 2F
1-1: Ball
2-1: Foul Ball, location: 2F
2-2: Strikes out swinging
Batting: RHB Francisco Martínez 0-0: Called Strike
0-1: SINGLE (Flyball, 78S)
Batting: RHB Andrés Bustamante 0-0: Called Strike
0-1: Ball
1-1: Fly out, F3 (Popup, 3F)
Batting: RHB Sergio Mata 0-0: Ball
1-0: Foul Ball, location: 2F
1-1: Ball
2-1: Ball
3-1: Base on Balls
Francisco Martínez to second
Batting: RHB Manuel Gómez 0-0: Swinging Strike
0-1: Foul Ball, location: 2F
0-2: Ball
1-2: Ball
2-2: Ground out 4-3 (Groundball, 4)
Top of the 2nd over - 0 runs, 1 hit, 0 errors, 2 left on base; Kingston 0 - Rio Grande 0
BOTTOM OF THE 2ND
Rio Grande Rattlesnake batting - Pitching for Kingston Iguanas : RHP Anastasio Cervantes
Batting: LHB Claudio Rodríguez 0-0: Called Strike
0-1: Foul Ball, location: 2F
0-2: Ball
1-2: Foul Ball, location: 2F
1-2: Fly out, F9 (Flyball, 89M)
Batting: RHB David Suarze 0-0: Ball
1-0: Ball
2-0: Called Strike
2-1: Fly out, F3 (Popup, 34)
Batting: LHB Shawn Brown 0-0: Called Strike
0-1: Ball
1-1: Ball
2-1: Ball
3-1: Base on Balls
Batting: SHB Arnold Moore 0-0: Ball
1-0: Called Strike
1-1: Ground out 2-3 (Groundball, 15S)
Bottom of the 2nd over - 0 runs, 0 hits, 0 errors, 1 left on base; Kingston 0 - Rio Grande 0
TOP OF THE 3RD
Kingston Iguanas batting - Pitching for Rio Grande Rattlesnake : RHP Myron Burgess
Batting: SHB Júlio Valentín 0-0: Ball
1-0: Swinging Strike
1-1: Swinging Strike
1-2: Ball
2-2: Fly out, F9 (Flyball, 89M)
Batting: RHB Argan Kamuliva 0-0: SINGLE (Groundball, 34D)
Batting: LHB Henry Durham 0-0: Ball
Argan Kamuliva steals 2nd base
1-0: Ball
2-0: Ball
3-0: Called Strike
3-1: Base on Balls
Batting: LHB Gustavo Gómez 0-0: Ball
1-0: Ball
2-0: Ball
3-0: Called Strike
3-1: Base on Balls
Argan Kamuliva to third
Henry Durham to second
Batting: LHB Justin McCoy 0-0: Ball
1-0: Ball
2-0: Ball
3-0: Base on Balls
Argan Kamuliva scores
Henry Durham to third
Gustavo Gómez to second
Batting: RHB Francisco Martínez 0-0: Ball
1-0: Foul Ball, location: 2F
1-1: Ball
2-1: Ball
3-1: Base on Balls
Henry Durham scores
Gustavo Gómez to third
Justin McCoy to second
Batting: RHB Andrés Bustamante 0-0: Foul Ball, location: 2F
0-1: Ball
1-1: Ball
2-1: Ball
3-1: SINGLE (Groundball, 6D)
Gustavo Gómez scores
Justin McCoy to third
Francisco Martínez to second
Runner from 3rd tries for Home, SAFE, no throw
Batting: RHB Sergio Mata 0-0: Ball
1-0: Foul Ball, location: 2F
1-1: Ball
2-1: Ball
3-1: Grounds into double play, 4-6-3 (Groundball, 4)
Top of the 3rd over - 4 runs, 2 hits, 0 errors, 1 left on base; Kingston 4 - Rio Grande 0
BOTTOM OF THE 3RD
Rio Grande Rattlesnake batting - Pitching for Kingston Iguanas : RHP Anastasio Cervantes
Batting: LHB Pedro Díaz 0-0: Foul Ball, location: 2F
0-1: Ball
1-1: Foul Ball, location: 2F
1-2: Fly out, F6 (Line Drive, 6)
Batting: RHB José Méndez 0-0: Swinging Strike
0-1: Swinging Strike
0-2: Ball
1-2: Foul Ball, location: 2F
1-2: Strikes out swinging
Batting: LHB José Garza 0-0: Called Strike
0-1: Foul Ball, location: 2F
0-2: Ball
1-2: Ball
2-2: Foul Ball, location: 2F
2-2: Foul Ball, location: 2F
2-2: Strikes out looking
Bottom of the 3rd over - 0 runs, 0 hits, 0 errors, 0 left on base; Kingston 4 - Rio Grande 0
TOP OF THE 4TH
Kingston Iguanas batting - Pitching for Rio Grande Rattlesnake : RHP Myron Burgess
Batting: RHB Manuel Gómez 0-0: Ball
1-0: Called Strike
1-1: Foul Ball, location: 2F
1-2: Foul Ball, location: 2F
1-2: Strikes out looking
Batting: SHB Júlio Valentín 0-0: Ball
1-0: Foul Ball, location: 2F
1-1: Foul Ball, location: 2F
1-2: Strikes out swinging
Batting: RHB Argan Kamuliva 0-0: Called Strike
0-1: Called Strike
0-2: Strikes out swinging wild pitch, reaches first!
Pitching: RHP Billy O'Neal
Batting: LHB Henry Durham 0-0: Foul Ball, location: 2F
0-1: Ball
1-1: Ball
2-1: Ball
3-1: Base on Balls
Argan Kamuliva to second
Batting: LHB Gustavo Gómez 0-0: Ball
1-0: Ball
2-0: Called Strike
2-1: Foul Ball, location: 2F
2-2: Ground out 5-3 (Groundball, 56S)
Top of the 4th over - 0 runs, 0 hits, 0 errors, 2 left on base; Kingston 4 - Rio Grande 0
BOTTOM OF THE 4TH
Rio Grande Rattlesnake batting - Pitching for Kingston Iguanas : RHP Anastasio Cervantes
Batting: RHB Jeff Bane 0-0: Called Strike
0-1: Reached on error, E6 (Groundball, 6)
Batting: LHB Clayton Bailey 0-0: Ball
1-0: Foul Ball, location: 2F
1-1: Foul Ball, location: 2F
1-2: Ball
2-2: SINGLE (Groundball, 34D)
Jeff Bane to second
Runner from 2nd tries for 3rd, SAFE, no throw
Batting: LHB Claudio Rodríguez 0-0: Ball
1-0: Ball
2-0: Ball
3-0: Base on Balls
Clayton Bailey to second
Batting: RHB David Suarze 0-0: Foul Ball, location: 2F
0-1: Ball
1-1: Swinging Strike
1-2: Ball
2-2: Strikes out swinging
Pitching: LHP Javier Robles
Batting: LHB Shawn Brown 0-0: Called Strike
0-1: Swinging Strike
0-2: Foul Ball, location: 2F
0-2: Ball
1-2: Strikes out swinging
Batting: SHB Arnold Moore 0-0: Ball
1-0: GRAND SLAM HOME RUN (Line Drive, 7LD), Distance : 328 ft
Batting: LHB Pedro Díaz 0-0: Ball
1-0: Foul Ball, location: 2F
1-1: Ball
2-1: Ball
3-1: Base on Balls
Batting: RHB José Méndez 0-0: Ball
1-0: Fly out, F8 (Flyball, 8RM)
Bottom of the 4th over - 4 runs, 2 hits, 1 error, 1 left on base; Kingston 4 - Rio Grande 4
TOP OF THE 5TH
Kingston Iguanas batting - Pitching for Rio Grande Rattlesnake : RHP Billy O'Neal
Batting: LHB Justin McCoy 0-0: Ball
1-0: Foul Ball, location: 2F
1-1: Ball
2-1: SINGLE (Line Drive, 6MD)
Batting: RHB Francisco Martínez 0-0: Ball
1-0: SINGLE (Flyball, 9LS)
Justin McCoy to second
Runner from 2nd tries for 3rd, SAFE, no throw
Batting: RHB Andrés Bustamante 0-0: Ball
1-0: Called Strike
1-1: Foul Ball, location: 2F
1-2: Ball
2-2: Foul Ball, location: 2F
2-2: Foul Ball, location: 2F
2-2: Ball
3-2: Grounds into double play, 6-4-3 (Groundball, 6)
Justin McCoy scores
Batting: RHB Sergio Mata 0-0: Ground out 1-3 (Groundball, 15)
Top of the 5th over - 1 run, 2 hits, 0 errors, 0 left on base; Kingston 5 - Rio Grande 4
BOTTOM OF THE 5TH
Rio Grande Rattlesnake batting - Pitching for Kingston Iguanas : LHP Javier Robles
Batting: LHB José Garza 0-0: Ball
1-0: Foul Ball, location: 2F
1-1: Called Strike
1-2: Strikes out looking
Batting: RHB Jeff Bane 0-0: Ball
1-0: Called Strike
1-1: Ball
2-1: Ball
3-1: Base on Balls
Batting: LHB Clayton Bailey 0-0: Ball
1-0: Called Strike
1-1: Ball
2-1: Called Strike
Throwing error on steal attempt, E2
Jeff Bane to third
Balk!
Jeff Bane scores
2-2: Ball
3-2: Base on Balls
Batting: LHB Claudio Rodríguez 0-0: Ball
1-0: Foul Ball, location: 2F
1-1: Ball
2-1: Ball
3-1: Swinging Strike
3-2: Fly out, F7 (Flyball, 7S)
Batting: RHB David Suarze 0-0: Ball
1-0: Foul Ball, location: 2F
1-1: Swinging Strike
1-2: Ball
2-2: Foul Ball, location: 2F
2-2: Foul Ball, location: 2F
2-2: Ground out 4-3 (Groundball, 4)
Bottom of the 5th over - 1 run, 0 hits, 1 error, 1 left on base; Kingston 5 - Rio Grande 5
TOP OF THE 6TH
Kingston Iguanas batting - Pitching for Rio Grande Rattlesnake : RHP Billy O'Neal
Batting: RHB Manuel Gómez 0-0: Ball
1-0: Ball
2-0: Ground out 5-3 (Groundball, 56S)
Batting: SHB Júlio Valentín 0-0: Called Strike
0-1: Foul Ball, location: 2F
0-2: Foul Ball, location: 2F
0-2: Ball
1-2: Ball
2-2: Foul Ball, location: 2F
2-2: Ball
3-2: Foul Ball, location: 2F
3-2: Fly out, F9 (Line Drive, 89D)
Batting: RHB Argan Kamuliva 0-0: Ball
1-0: Ball
2-0: Ball
3-0: Called Strike
3-1: Base on Balls
Batting: LHB Henry Durham 0-0: Called Strike
0-1: Foul Ball, location: 2F
0-2: Ball
1-2: DOUBLE (Line Drive, 9LS)
Argan Kamuliva to third
Runner from 3rd tries for Home, SAFE, no throw
Pitching: RHP John Robinson
Batting: LHB Gustavo Gómez 0-0: Foul Ball, location: 2F
0-1: Fly out, F8 (Flyball, 89D)
Top of the 6th over - 1 run, 1 hit, 0 errors, 1 left on base; Kingston 6 - Rio Grande 5
BOTTOM OF THE 6TH
Rio Grande Rattlesnake batting - Pitching for Kingston Iguanas : LHP Javier Robles
Pitching: RHP Guo-fang Juan
Batting: LHB Shawn Brown 0-0: Ground out U3 (Groundball, 3)
Batting: SHB Arnold Moore 0-0: Fly out, F7 (Flyball, 7S)
Batting: LHB Pedro Díaz 0-0: Ball
1-0: Ground out 3-1 (Groundball, 34S)
Bottom of the 6th over - 0 runs, 0 hits, 0 errors, 0 left on base; Kingston 6 - Rio Grande 5
TOP OF THE 7TH
Kingston Iguanas batting - Pitching for Rio Grande Rattlesnake : RHP John Robinson
Batting: LHB Justin McCoy 0-0: Called Strike
0-1: SINGLE (Line Drive, 9S)
Batting: RHB Francisco Martínez 0-0: Ball
1-0: Ball
2-0: Ball
3-0: Called Strike
3-1: Base on Balls
Justin McCoy to second
Batting: RHB Andrés Bustamante 0-0: Ball
1-0: Called Strike
1-1: Swinging Strike
1-2: Strikes out swinging
Pinch Hitting: LHB Jon Quinn 0-0: Ball
1-0: Called Strike
1-1: Ball
2-1: Ball
3-1: Swinging Strike
3-2: Foul Ball, location: 2F
3-2: Strikes out swinging
Batting: RHB Manuel Gómez 0-0: Ball
1-0: Ball
2-0: Ball
3-0: Called Strike
3-1: Fly out, F9 (Flyball, 9)
Top of the 7th over - 0 runs, 1 hit, 0 errors, 2 left on base; Kingston 6 - Rio Grande 5
BOTTOM OF THE 7TH
Rio Grande Rattlesnake batting - Pitching for Kingston Iguanas : RHP Guo-fang Juan
Now at SS: Ron Campbell
Batting: RHB José Méndez 0-0: Called Strike
0-1: Ball
1-1: Foul Ball, location: 2F
1-2: Foul Ball, location: 2F
1-2: Ground out 4-3 (Groundball, 34)
Pitching: LHP Jeff Minnich
Batting: LHB José Garza 0-0: Ball
1-0: Fly out, F9 (Flyball, 89D)
Pitching: RHP Tom Hicks
Batting: RHB Jeff Bane 0-0: Ball
1-0: Ball
2-0: Swinging Strike
2-1: Reached on error, E6 (Groundball, 6)
Batting: LHB Clayton Bailey 0-0: Called Strike
0-1: Foul Ball, location: 2F
0-2: Ball
1-2: Ball
2-2: Strikes out looking
Bottom of the 7th over - 0 runs, 0 hits, 1 error, 1 left on base; Kingston 6 - Rio Grande 5
TOP OF THE 8TH
Kingston Iguanas batting - Pitching for Rio Grande Rattlesnake : RHP John Robinson
Batting: SHB Júlio Valentín 0-0: Ball
1-0: Foul Ball, location: 2F
1-1: Foul Ball, location: 2F
1-2: Strikes out swinging
Batting: RHB Argan Kamuliva 0-0: Ball
1-0: Ball
2-0: Ball
3-0: Base on Balls
Batting: LHB Henry Durham 0-0: Ball
1-0: Called Strike
1-1: Called Strike
1-2: Ball
Argan Kamuliva steals 2nd base
2-2: Ground out 6-3 (Groundball, 6)
Batting: LHB Gustavo Gómez 0-0: Ball
1-0: Called Strike
1-1: Called Strike
1-2: Strikes out swinging
Top of the 8th over - 0 runs, 0 hits, 0 errors, 1 left on base; Kingston 6 - Rio Grande 5
BOTTOM OF THE 8TH
Rio Grande Rattlesnake batting - Pitching for Kingston Iguanas : RHP Tom Hicks
Now at 1B: Rubén Hernández
Batting: LHB Claudio Rodríguez 0-0: Ball
1-0: Swinging Strike
1-1: Swinging Strike
1-2: Ball
2-2: Strikes out swinging
Batting: RHB David Suarze 0-0: Called Strike
0-1: Ball
1-1: Ball
2-1: Ball
3-1: Swinging Strike
3-2: Base on Balls
Batting: LHB Shawn Brown 0-0: Ball
1-0: SINGLE (Groundball, 4S) (infield hit)
David Suarze to second
Batting: SHB Arnold Moore 0-0: Called Strike
0-1: Foul Ball, location: 2F
0-2: Strikes out swinging
Batting: LHB Pedro Díaz 0-0: Ball
1-0: Foul Ball, location: 2F
1-1: Ball
2-1: Swinging Strike
2-2: Foul Ball, location: 2F
2-2: Ball
3-2: Base on Balls
David Suarze to third
Shawn Brown to second
Batting: RHB José Méndez 0-0: Ball
1-0: Ball
2-0: Foul Ball, location: 2F
2-1: Called Strike
2-2: Foul Ball, location: 2F
2-2: Ball
3-2: Ground out 5-3 (Groundball, 56)
Bottom of the 8th over - 0 runs, 1 hit, 0 errors, 3 left on base; Kingston 6 - Rio Grande 5
TOP OF THE 9TH
Kingston Iguanas batting - Pitching for Rio Grande Rattlesnake : RHP John Robinson
Pitching: LHP Manuel Encarnación
Batting: LHB Justin McCoy 0-0: Foul Ball, location: 2F
0-1: Ball
1-1: Foul Ball, location: 2F
1-2: Ball
2-2: Ball
3-2: Strikes out swinging
Batting: RHB Francisco Martínez 0-0: SINGLE (Groundball, 6MD)
Batting: RHB Andrés Bustamante 0-0: Called Strike
0-1: Ball
1-1: Ball
2-1: Called Strike
2-2: Ball
3-2: Strikes out swinging
Batting: RHB Ron Campbell 0-0: Fly out, F8 (Flyball, 89D)
Top of the 9th over - 0 runs, 1 hit, 0 errors, 1 left on base; Kingston 6 - Rio Grande 5
BOTTOM OF THE 9TH
Rio Grande Rattlesnake batting - Pitching for Kingston Iguanas : RHP Tom Hicks
Pitching: RHP Ángel Casillas
Batting: LHB José Garza 0-0: Called Strike
0-1: Swinging Strike
0-2: Strikes out swinging, 2-3 out at first.
Batting: RHB Jeff Bane 0-0: SINGLE (Groundball, 56D)
Batting: LHB Clayton Bailey 0-0: Ball
1-0: Called Strike
1-1: Called Strike
1-2: Ball
2-2: Strikes out swinging
Batting: LHB Claudio Rodríguez 0-0: Ball
Jeff Bane steals 2nd base
1-0: Called Strike
1-1: Ball
2-1: Called Strike
2-2: Strikes out looking
Bottom of the 9th over - 0 runs, 1 hit, 0 errors, 1 left on base; Kingston 6 - Rio Grande 5
Saturday, April 7th, 2018 - OOTP Baseball 18.8 Build 76